 Dungeon Crawl Stone Soup version 0.27-a0-650-g8dd3ea4f36 (webtiles) character file.

Game seed: 11055822419013030944

583 jasper the Gusty (level 7, 0/38 HPs)
             Began as a Tengu Air Elementalist on Mar 15, 2021.
             Shot with an arrow by a centaur (13 damage)
             ... on level 5 of the Dungeon.
             The game lasted 00:07:30 (5443 turns).

jasper the Gusty (Tengu Air Elementalist)           Turns: 5443, Time: 00:07:31

Health: 0/38       AC:  3    Str:  9    XL:     7   Next: 37%
Magic:  12/12      EV: 15    Int: 17    God:
Gold:   168        SH:  0    Dex: 18    Spells: 6/11 levels left

rFire    . . .     SeeInvis +   w - +0 halberd
rCold    . . .     Faith    .   (shield currently unavailable)
rNeg     . . .     Spirit   .   C - +0 leather armour "Nefup" {Will+ Dex+4 SInv}
rPois    .         Reflect  .   (helmet restricted)
rElec    .         Harm     .   (no cloak)
rCorr    .         Rampage  .   (no gloves)
Will     ++...                  (boots unavailable)
Stlth    ++........             (no amulet)
HPRegen  0.12/turn              o - ring of willpower
MPRegen  0.13/turn              (no ring)

@: flying quickly and evasively, quick
A: beak, talons 3, able to fly
a: Stop Flying


You were on level 5 of the Dungeon.
You visited 1 branch of the dungeon, and saw 5 of its levels.

You collected 168 gold pieces.

Inventory:

Hand Weapons
 c - a +0 hunting sling
 j - a +0 short sword
 w - a +0 halberd (weapon)
 B - a +0 long sword
 E - a +0 great sword
 H - a +2 morningstar of freezing
Missiles
 e - 227 stones
 h - 75 arrows
 k - 8 boomerangs
 p - 5 boomerangs of dispersal
Armour
 a - a +0 robe
 x - a +0 ring mail
 C - the +0 leather armour "Nefup" (worn) {Will+ Dex+4 SInv}
   (You found it on level 4 of the Dungeon)

   It affects your dexterity (+4).
   It affects your willpower, your defense against some magical effects.
   It lets you see invisible.
Jewellery
 o - a ring of willpower (right hand)
Wands
 z - a wand of paralysis (3)
 A - a wand of digging (7)
Scrolls
 f - 3 scrolls of teleportation {unknown}
 g - a scroll of magic mapping {unknown}
 i - 2 scrolls of amnesia {unknown}
 q - 2 scrolls of fog {unknown}
 r - 2 scrolls of fear {unknown}
 s - a scroll of immolation {unknown}
 t - a scroll of enchant weapon {unknown}
 v - a scroll of enchant armour {unknown}
 y - 2 scrolls of blinking {unknown}
 F - a scroll of random uselessness {unknown}
Potions
 b - 4 potions of curing
 d - a potion of magic
 l - a potion of heal wounds
 m - 2 potions of flight
 n - a potion of berserk rage {unknown}
 u - a potion of might {unknown}
 D - a potion of attraction {unknown}
 G - a potion of mutation {unknown}
 I - a potion of lignification {unknown}
 J - a potion of invisibility {unknown}


   Skills:
 + Level 1.2 Fighting
 + Level 2.8 Dodging
 - Level 2.0 Stealth
 * Level 2.8 Spellcasting
 - Level 6.2 Conjurations
 + Level 7.7 Air Magic


You had 6 spell levels left.
You knew the following spells:

 Your Spells              Type           Power      Damage    Failure   Level
a - Shock                 Conj/Air       100%       1d9       1%          1
b - Airstrike             Air            14%        N/A       11%         4

Your spell library contained the following spells:

 Spells                   Type           Power      Damage    Failure   Level
 Swiftness                Air            28%        N/A       1%          2
 Static Discharge         Conj/Air       26%        N/A       4%          3
 Lightning Bolt           Conj/Air       13%        1d26      36%         5


Dungeon Overview and Level Annotations

Branches:
Dungeon (5/15)
 Temple: D:4-7

Altars:
Makhleb
Yredelemnul
The Shining One


Innate Abilities, Weirdness & Mutations

You have a beak for a mouth.
You have claws for feet.
You can fly continuously.


Message History

Press: ? - help, Q - select action, (/) - cycle Shift-Dir - straight line, f - orc wizard
Aim: an orc wizard, wielding a +0 dagger and wearing a +0 robe (heavily wounded, 33% to evade)
The zap hits the orc wizard!
You kill the orc wizard!
You now have 7/12 mp.
Aiming: Shock (safe; 1% risk of failure)
Press: ? - help, Q - select action, (/) - cycle Shift-Dir - straight line, f - you That beam is likely to hit you.
Continue anyway? [Y]es or [N]o only, please.
That beam is likely to hit you.
Continue anyway? [Y]es or [N]o only, please.
That beam is likely to hit you.
Continue anyway?
Okay, then.
Your magical contamination has completely faded away.
Magic restored.
Found a stone staircase leading down.
MP restored: 12
Things that are here:
a +0 dagger; a +0 robe; an orc corpse
k - 8 boomerangs (gained 2)
You see here a +0 club.
h - 75 arrows (gained 23)
There is a stone staircase leading down here.
A centaur comes into view.
The centaur shouts!
You hear a shout!
The centaur wields a +0 shortbow.
The centaur shoots an arrow.
The arrow hits you!
Found an escape hatch in the ceiling.
You take 16 damage, and have 22/38 hp.
MASSIVE DAMAGE!!
A centaur is nearby!
A centaur is nearby!
The centaur shoots an arrow.
The arrow hits you!
A ball python comes into view.
You take 9 damage, and have 13/38 hp.
MASSIVE DAMAGE!!
The ball python hisses angrily.
An orc priest comes into view. It is wielding a +0 whip.
There is an escape hatch in the ceiling here.
The centaur shoots an arrow.
The arrow barely misses you.
The centaur shoots an arrow.
The arrow hits you!
You die...

#.o.## ..... . #o.. .#
.c. ?.# ## ###.##.. ####
.. #..... ...# #.##.#.##
##.# #.......##.###.
##.##########.#.@.......
.............>#####.####
##......)...........#
........[)...########
###..........# #
#..######..# # ##.# #..#
# #.. #..# # ##.# #..#


You could see a centaur and an orc priest.

Vanquished Creatures
  An ogre (D:4)
  Blork the orc (D:4)
  A crimson imp (D:4)
  A gnoll shaman (D:4)
  3 orc wizards (D:5)
  A worker ant (D:4)
  An iguana (D:2)
  8 gnolls
  3 adders
  A howler monkey skeleton (D:4)
  An ooze (D:2)
  5 worms
  3 dart slugs
  6 leopard geckos
  14 orcs
  6 bats
  A giant cockroach (D:2)
  9 hobgoblins
  9 kobolds
  2 quokkas
  3 frilled lizards
  4 goblins
  A goblin zombie (D:4)
  A hobgoblin zombie (D:4)
  2 kobold zombies (D:4)
  A leopard gecko skeleton (D:4)
  2 orc skeletons (D:4)
  3 orc zombies (D:4)
  6 rats
100 creatures vanquished.

Vanquished Creatures (others)
  A plant (D:1)
1 creature vanquished.

Grand Total: 101 creatures vanquished

Notes
Turn   | Place    | Note
-------+----------+-------------------------------------------
     0 | D:1      | jasper the Tengu Air Elementalist began the quest for the
                  | Orb.
     0 | D:1      | Reached XP level 1. HP: 10/10 MP: 4/4
   432 | D:1      | Reached XP level 2. HP: 15/15 MP: 0/6
  1133 | D:1      | Reached XP level 3. HP: 19/19 MP: 7/7
  1656 | D:2      | Reached skill level 5 in Air Magic
  1827 | D:2      | Reached XP level 4. HP: 24/24 MP: 0/8
  1832 | D:2      | Learned a level 4 spell: Airstrike
  1898 | D:2      | Found a burning altar of Makhleb.
  2991 | D:3      | Gained mutation: You can fly continuously. [Tengu growth]
  2991 | D:3      | Reached XP level 5. HP: 28/28 MP: 7/9
  3162 | D:3      | Reached skill level 6 in Air Magic
  4009 | D:4      | Noticed an ogre
  4034 | D:4      | Killed an ogre
  4035 | D:4      | Reached skill level 5 in Conjurations
  4035 | D:4      | Reached XP level 6. HP: 32/32 MP: 2/10
  4150 | D:4      | Reached skill level 7 in Air Magic
  4219 | D:4      | Found a basalt altar of Yredelemnul.
  4375 | D:4      | Identified the +0 leather armour "Nefup" {Will+ Dex+4 SInv}
  4652 | D:4      | Found a glowing golden altar of the Shining One.
  4675 | D:4      | Noticed Blork the orc
  4684 | D:4      | Killed Blork the orc
  4685 | D:4      | Reached XP level 7. HP: 28/37 MP: 3/11
  5126 | D:5      | Entered Level 5 of the Dungeon
  5165 | D:5      | Reached skill level 1 in Fighting
  5166 | D:5      | HP: 1/38 [orc wizard/+0 dagger (6)]
  5443 | D:5      | Shot with an arrow by a centaur

Illustrated notes

Levels and vault maps discovered:
D:1:      giann_wishing_wells, layout_loops_corners, serial_bayou_pond_d,
          serial_bayou_pond_a
D:2:      layout_rooms, old_standard_altar, wad_floor_pattern_untrapped
D:3:      layout_basic, serial_bayou_lagoon_a, st_stairs_7, minivault_5
D:4:      layout_loops_cross, nicolae_tso_besieged_by_evil,
          yredelemnul_altar_generic, uniq_blork_the_orc
D:5:      lemuel_ratsnest, layout_basic

Skill      XL: |  1  2  3  4  5  6  7 |
---------------+----------------------+-----
Conjurations   | 2 3 4 5 6 |  6.2
Air Magic      | 5 6 7 |  7.7
Fighting       | 1 |  1.2
Dodging        | |  2.8
Stealth        | |  2.0
Spellcasting   | |  2.8

Action                   |  1- 3 |  4- 6 |  7- 9 || total
-------------------------+-------+-------+-------++-------
Melee: Halberd           |       |    29 |    10 ||    39
       Kick              |       |     9 |     2 ||    11
       Peck              |       |     2 |     3 ||     5
 Fire: Hunting sling     |    29 |     8 |       ||    37
 Cast: Shock             |    53 |   127 |    23 ||   203
 Abil: Fly               |       |     1 |       ||     1
Evoke: Wand              |       |     4 |       ||     4
  Use: Scroll            |       |     5 |       ||     5
       Potion            |       |       |     3 ||     3
 Stab: Paralysed         |       |     5 |       ||     5
       Sleeping          |       |     1 |       ||     1
Armor: Robe              |       |     2 |       ||     2
       Leather armour    |       |     2 |     3 ||     5
Dodge: Dodged            |     6 |    20 |    24 ||    50

Table legend: (Time is in decaauts)
 A = Elapsed time spent in this place.
 B = Non-inter-level travel time spent in this place.
 C = Inter-level travel time spent in this place.
 D = Time resting spent in this place.
 E = Time spent auto-exploring this place.
 F = Levels seen in this place.
 G = Mean time per level.
                   A        B        C        D        E       F      G
               +--------+--------+--------+--------+--------+-----+--------+
         Total |   5318 |   5138 |    180 |    577 |   3912 |   5 | 1063.6 |
       Dungeon |   5318 |   5138 |    180 |    577 |   3912 |   5 | 1063.6 |
               +--------+--------+--------+--------+--------+-----+--------+

Top non-repeatable levels by time:
     D:1: 1569 daAuts
     D:3: 1464 daAuts
     D:4: 1087 daAuts
     D:2: 887 daAuts
     D:5: 308 daAuts
